 Dungeon Crawl Stone Soup version 0.27-a0-1281-ge233d83751 (webtiles) character file.

Game seed: 9432450564750043782

214 27snakeeyes612 the Skirmisher (level 5, -6/46 HPs)
             Began as a Ghoul Fighter on June 14, 2021.
             Mangled by Duvessa (7 damage)
             ... on level 4 of the Dungeon.
             The game lasted 00:01:45 (2486 turns).

27snakeeyes612 the Skirmisher (Ghoul Fighter)       Turns: 2486, Time: 00:01:45

Health: -6/46      AC: 10    Str: 21    XL:     5   Next: 92%
Magic:  4/4        EV:  5    Int:  3    God:
Gold:   151        SH:  9    Dex:  8    Spells: 4/4 levels left

rFire    . . .     SeeInvis .   a - +0 war axe
rCold    + . .     Faith    .   c - +0 kite shield
rNeg     + + +     Spirit   .   e - +0 chain mail
rPois    ∞         Reflect  .   (no helmet)
rElec    .         Harm     .   (no cloak)
rCorr    .         Rampage  .   (no gloves)
Will     .....                  r - +0 pair of boots
Stlth    ..........             (no amulet)
HPRegen  0.00/turn              (no ring)
MPRegen  0.09/turn              (no ring)

@: mighty
A: claws 1, cold resistance 1, negative energy resistance 3, inhibited
regeneration, torment resistance 2
a: no special abilities


You were on level 4 of the Dungeon.
You visited 1 branch of the dungeon, and saw 4 of its levels.

You collected 151 gold pieces.

Inventory:

Hand Weapons
 a - a +0 war axe (weapon)
Missiles
 g - a throwing net (quivered)
Armour
 b - a +0 scale mail
 c - a +0 kite shield (worn)
 e - a +0 chain mail (worn)
 r - a +0 pair of boots (worn)
Scrolls
 i - 2 scrolls of fog {unknown}
 j - a scroll of teleportation {unknown}
 k - 6 scrolls of identify {unknown}
 l - 2 scrolls of magic mapping {unknown}
 m - a scroll of enchant weapon {unknown}
 o - a scroll of vulnerability {unknown}
Potions
 f - a potion of lignification {unknown}
 h - a potion of flight {unknown}
 n - a potion of resistance {unknown}
 p - a potion of ambrosia {unknown}
 q - a potion of curing {unknown}


   Skills:
 + Level 3.9 Fighting
 + Level 3.0 Axes
 + Level 3.5 Armour
 + Level 1.4 Dodging
 + Level 1.8 Stealth
 + Level 3.5 Shields


You had 4 spell levels left.
You didn't know any spells.
Your spell library was empty.

Dungeon Overview and Level Annotations

Branches:
Dungeon (4/15)
 Temple: D:4-7

Altars:
Elyvilon
Uskayaw

Annotations:
D:4 Dowan, Duvessa


Innate Abilities, Weirdness & Mutations

You thrive by killing the living.
You are immune to poison.
You have sharp fingernails.
Your flesh is cold resistant. (rC+)
You are immune to negative energy. (rN+++)
You do not regenerate when monsters are visible.
You are immune to unholy pain and torment.


Message History

The iguana is almost dead.
You slash the hobgoblin!
You kill the hobgoblin!
You feel better.
The iguana hisses menacingly.
You block the iguana's attack. The iguana bites you!
Your shield and chain mail prevent you from hitting the iguana.
The iguana is almost dead.
The iguana barely misses you. You block the iguana's attack.
You hit the iguana but do no damage.
The iguana is almost dead.
You block the iguana's attack.
You slash the iguana!
You kill the iguana!
You block Duvessa's attack.
You slice Duvessa!!
Duvessa is heavily wounded.
You hear a shout!
Duvessa completely misses you.
Dowan, Brother of Duvessa comes into view.
He is wielding a +0 dagger.
You barely miss Duvessa.
Duvessa is heavily wounded.
Duvessa hits you with a +0 short sword.
* * * LOW HITPOINT WARNING * * *
You block Duvessa's attack.
You hit Duvessa but do no damage.
Duvessa is heavily wounded.
Duvessa hits you with a +0 short sword.
* * * LOW HITPOINT WARNING * * *
Dowan casts a spell at Duvessa.
Duvessa seems to speed up.
Duvessa hits you with a +0 short sword.
* * * LOW HITPOINT WARNING * * *
You closely miss Duvessa.
Duvessa is heavily wounded.
Duvessa hits you but does no damage. Duvessa hits you with a +0 short sword.
* * * LOW HITPOINT WARNING * * *
You slash Duvessa!
Duvessa is almost dead.
Duvessa hits you with a +0 short sword!
You die...

# #... .....#
#....# #.#..## .
#..... .. #.....
#.##.
##....###......
...#.ee@$.#
#.##..###.#
#.##..###.#
#.#####.##......#
...>........###.#
###.###.##### #.#
#.# #.##


You could see Duvessa (fast) and Dowan.

Vanquished Creatures
  A howler monkey (D:4)
  A bullfrog skeleton (D:4)
  Jessica (D:3)
  An iguana (D:4)
  3 adders
  An ufetubus (D:4)
  A worm (D:3)
  A dart slug (D:3)
  3 orcs (D:3)
  8 ball pythons
  10 endoplasms
  2 giant cockroaches
  4 goblins
  5 hobgoblins
  5 kobolds
  A quokka (D:2)
  4 bats
  4 frilled lizards
  4 rats
60 creatures vanquished.

Notes
Turn   | Place    | Note
-------+----------+-------------------------------------------
     0 | D:1      | 27snakeeyes612 the Ghoul Fighter began the quest for the
                  | Orb.
     0 | D:1      | Reached XP level 1. HP: 19/19 MP: 0/0
    84 | D:1      | Found a faded altar of an unknown god.
   252 | D:1      | Reached XP level 2. HP: 24/26 MP: 1/1
   950 | D:2      | Reached XP level 3. HP: 30/31 MP: 2/2
   974 | D:2      | Reached skill level 1 in Dodging
  1684 | D:3      | Reached XP level 4. HP: 40/40 MP: 3/3
  1719 | D:3      | Noticed a +0 dagger
  1720 | D:3      | Noticed a +0 hand axe
  1725 | D:3      | Found a hide-covered altar of Uskayaw.
  1882 | D:3      | Noticed Jessica
  1887 | D:3      | Killed Jessica
  1888 | D:3      | Reached skill level 1 in Stealth
  2465 | D:4      | Reached XP level 5. HP: 44/46 MP: 4/4
  2475 | D:4      | Noticed Duvessa
  2482 | D:4      | Noticed Dowan
  2485 | D:4      | HP: 1/46 [Duvessa (2)]
  2486 | D:4      | Mangled by Duvessa

Illustrated notes

Levels and vault maps discovered:
D:1:      zaba_arrival_water, layout_basic, shapermc_ecumenical_altar_notcrosses
D:2:      layout_loops_ring, basic_altar
D:3:      layout_basic, dancing_weapons_uskayaw, uniq_jessica
D:4:      layout_loops_ring, amcnicky_altar_gilded, minmay_misc_feat_enclosed,
          uniq_ijyb, uniq_duvessa

Skill      XL: |  1  2  3  4  5 |
---------------+----------------+-----
Axes           | 2 3 |  3.0
Dodging        | 1 |  1.4
Shields        | 3 |  3.5
Armour         | 3 |  3.5
Stealth        | 1 |  1.8
Fighting       | |  3.9

Action                   |  1- 3 |  4- 6 || total
-------------------------+-------+-------++-------
Melee: War axe           |   127 |    83 ||   210
  Use: Potion            |       |     1 ||     1
Armor: Scale mail        |    72 |    16 ||    88
       Chain mail        |       |    19 ||    19
Dodge: Dodged            |    35 |    29 ||    64
Block: Kite shield       |    73 |    47 ||   120

Table legend: (Time is in decaauts)
 A = Elapsed time spent in this place.
 B = Non-inter-level travel time spent in this place.
 C = Inter-level travel time spent in this place.
 D = Time resting spent in this place.
 E = Time spent auto-exploring this place.
 F = Levels seen in this place.
 G = Mean time per level.
                   A        B        C        D        E       F      G
               +--------+--------+--------+--------+--------+-----+--------+
         Total |   2624 |   2517 |    107 |      0 |   2010 |   4 |  656.0 |
       Dungeon |   2624 |   2517 |    107 |      0 |   2010 |   4 |  656.0 |
               +--------+--------+--------+--------+--------+-----+--------+

Top non-repeatable levels by time:
     D:1: 938 daAuts
     D:2: 796 daAuts
     D:3: 796 daAuts
     D:4: 93 daAuts
